 Dungeon Crawl Stone Soup version 0.28-a0-312-gbced6e68ee (webtiles) character file.

Game seed: 4169500277150323560

3248 muata the Thaumaturge (level 10, -4/63 HPs)
             Began as a Human Conjurer on Aug 30, 2021.
             Was a Believer of Yredelemnul.
             Slain by a boulder beetle (18 damage)
             ... on level 6 of the Dungeon.
             The game lasted 00:33:00 (9207 turns).

muata the Thaumaturge (Human Conjurer)              Turns: 9207, Time: 00:33:00

Health: -4/63      AC:  8    Str:  8    XL:     10   Next: 19%
Magic:  3/22       EV: 12    Int: 22    God:    Yredelemnul [**....]
Gold:   270        SH:  0    Dex: 11    Spells: 3/25 levels left

rFire   . . .      SeeInvis .   n - +3 quarterstaff (chaos)
rCold   . . .      Faith    .   (shield currently unavailable)
rNeg    . . .      Spirit   .   a - +0 robe
rPois   .          Reflect  .   x - +0 helmet
rElec   .          Harm     .   o - +1 cloak
rCorr   .          Rampage  .   p - +2 pair of gloves
Will    .....                   (no boots)
Stlth   ++........              (no amulet)
HPRegen 0.20/turn               m - ring of wizardry
MPRegen 0.18/turn               u - ring of wizardry

@: no status effects
A: no striking features
a: Renounce Religion, Animate Remains, Recall Undead Slaves, Injury Mirror


You were on level 6 of the Dungeon.
You worshipped Yredelemnul.
Yredelemnul was pleased with you.
You visited 1 branch of the dungeon, and saw 6 of its levels.

You collected 270 gold pieces.

Inventory:

Hand Weapons
 n - a +3 quarterstaff of chaos (weapon)
Armour
 a - a +0 robe (worn)
 o - a +1 cloak (worn)
 p - a +2 pair of gloves (worn)
 x - a +0 helmet (worn)
Magical Staves
 h - a staff of cold
Jewellery
 m - a ring of wizardry (left hand)
 u - a ring of wizardry (right hand)
 y - a +6 ring of dexterity
 A - a ring of see invisible
Wands
 c - a wand of flame (14)
 t - a wand of digging (2)
 G - a wand of acid (1)
Scrolls
 d - a scroll of fog {unknown}
 g - 2 scrolls of enchant weapon {unknown}
 j - 2 scrolls of amnesia {unknown}
 r - a scroll of silence {unknown}
 w - 4 scrolls of teleportation {unknown}
 z - a scroll of blinking {unknown}
 B - 2 scrolls of enchant armour {unknown}
 C - a scroll of vulnerability {unknown}
 D - a scroll of magic mapping {unknown}
 I - a scroll of holy word {unknown}
Potions
 b - 3 potions of haste
 e - a potion of resistance
 f - 3 potions of brilliance
 l - 2 potions of degeneration {unknown}
 s - a potion of ambrosia {unknown}
 v - 3 potions of curing
 E - 2 potions of might {unknown}
 F - a potion of attraction {unknown}
 H - a potion of cancellation {unknown}


   Skills:
 - Level 2.0 Dodging
 - Level 2.0 Stealth
 + Level 8.1 Spellcasting
 - Level 6.5 Conjurations
 - Level 5.2 Hexes
 + Level 4.1 Summonings
 - Level 5.1 Ice Magic
 - Level 3.0 Earth Magic


You had 3 spell levels left.
You knew the following spells:

 Your Spells              Type           Power      Damage    Failure   Level
a - Magic Dart            Conj           100%       1d8       1%          1
b - Searing Ray           Conj           74%        3d6       1%          2
c - Stone Arrow           Conj/Erth      60%        3d10      1%          3
d - Dazzling Flash        Conj/Hex       68%        N/A       1%          3
e - Fulminant Prism       Conj/Hex       17%        3d11      1%          4
f - Summon Mana Viper     Hex/Summ       29%        N/A       9%          5
g - Iskenderun's Mystic   Conj/Tloc      23%        2d6       5%          4

Your spell library contained the following spells:

 Spells                   Type           Power      Damage    Failure   Level
 Beastly Appendage        Tmut           16%        N/A       2%          1
 Pain                     Necr           32%        1d5       2%          1
 Mephitic Cloud           Conj/Pois/Air  18%        N/A       2%          3
 Wereblood                Tmut           8%         N/A       3%          2
 Ignite Poison            Fire/Tmut/Pois 8%         N/A       6%          3
 Spider Form              Tmut/Pois      4%         N/A       6%          3
 Summon Cactus Giant      Summ           13%        N/A       11%         5
 Bolt of Magma            Conj/Fire/Erth 11%        4d7       16%         5
 Summon Forest            Summ/Tloc      9%         N/A       22%         5
 Agony                    Necr           8%         N/A       45%         5
 Excruciating Wounds      Necr           4%         N/A       45%         5
 Shatter                  Erth           11%        3d12*     100%        9


Dungeon Overview and Level Annotations

Branches:
Dungeon (6/15)             Temple (0/1) D:4

Altars:
Fedhas
Nemelex Xobeh
Okawaru
Qazlal
Wu Jian
Yredelemnul
Zin

Shops:
D:5 *


Message History

Confirm with . or Enter, or press ? or * to list all spells.
A mana viper appears with a sibilant hiss.
The boulder beetle curls into a ball and begins rolling!
The boulder beetle hits you!!!
Ouch! That really hurt!
* * * LOW HITPOINT WARNING * * *
The boulder beetle stops rolling and uncurls.
Casting: Summon Mana Viper (dangerous; 9% risk of failure)
Confirm with . or Enter, or press ? or * to list all spells.
Aiming: Stone Arrow (safe; 1% risk of failure)
Press: ? - help, Shift-Dir - straight line, f - boulder beetle
Aim: a boulder beetle (lightly wounded, ally target, 100% to hit)
Really fire in your mana viper's direction?
Okay, then.
Casting: Stone Arrow (safe; 1% risk of failure)
Confirm with . or Enter, or press ? or * to list all spells.
Aiming: Stone Arrow (safe; 1% risk of failure)
Press: ? - help, Shift-Dir - straight line, f/p - boulder beetle
Aim: a boulder beetle (lightly wounded, ally target, 100% to hit)
Really fire in your mana viper's direction? [Y]es or [N]o only, please.
Really fire in your mana viper's direction? [Y]es or [N]o only, please.
Really fire in your mana viper's direction? [Y]es or [N]o only, please.
Really fire in your mana viper's direction?
Okay, then.
Casting: Stone Arrow (safe; 1% risk of failure)
Confirm with . or Enter, or press ? or * to list all spells.
Casting: Dazzling Flash (safe; 1% risk of failure)
Press: ? - help, Dir - look around, f - activate Look: a boulder beetle (lightly wounded, ally target, chance to dazzle: 40%) Really dazzle near your mana viper? [Y]es or [N]o only, please.
Really dazzle near your mana viper?
The boulder beetle is dazzled.
Your mana viper completely misses the boulder beetle.
The boulder beetle bites you!!
You die...
Your body rises from the dead as a mindless zombie.

### ### #
#.#############.####.#.#
#......................#
#.############SB@....#.
#.# #°#######.# #.#
#.○○.B°°..#
#.######################
#..............# #####
##############.# #...#
#.# ######...## #.#
#.........# #########.#
#.........#


You could see a boulder beetle (blind, ally target) and a friendly mana viper
(summoned).

Vanquished Creatures
  Pikel (D:5)
  Grinder (D:4)
  Sigmund (D:4)
  4 yaks (D:5)
  Edmund (D:6)
  Duvessa (D:4)
  An ice beast (D:6)
  2 ogres (D:5)
  A lemure (D:5)
  A wyvern skeleton (D:6)
  4 scorpions
  Dowan (D:4)
  A water moccasin skeleton (D:5)
  The ghost of robertstho the Chopper, a weakling DrBe of Trog (D:3)
  5 wights (D:6)
  3 hounds
  A gnoll shaman (D:5)
  3 bullfrog skeletons
  2 jellies
  2 orc priests
  Crazy Yiuf (D:2)
  A bullfrog zombie (D:5)
  A centaur skeleton (D:5)
  Jessica (D:2)
  An iguana (D:4)
  Robin (D:4)
  11 gnolls
  5 adders
  A howler monkey skeleton (D:5)
  2 dart slugs
  9 orcs
  3 bats
  3 endoplasms
  2 giant cockroaches
  12 goblins
  11 hobgoblins
  4 jackals
  7 kobolds
  2 quokkas
  5 ball pythons
  2 frilled lizards (D:3)
  8 rats
130 creatures vanquished.

Vanquished Creatures (collateral kills)
  A hound (D:6)
  A jelly (D:6)
2 creatures vanquished.

Vanquished Creatures (others)
  12 fulminant prisms
  3 fungi (D:2)
15 creatures vanquished.

Grand Total: 147 creatures vanquished

Notes
Turn   | Place    | Note
-------+----------+-------------------------------------------
     0 | D:1      | muata the Human Conjurer began the quest for the Orb.
     0 | D:1      | Reached XP level 1. HP: 13/13 MP: 3/3
   611 | D:1      | Reached XP level 2. HP: 19/19 MP: 0/5
   837 | D:1      | Learned a level 2 spell: Searing Ray
  1212 | D:2      | Reached XP level 3. HP: 22/24 MP: 1/6
  1346 | D:2      | Found a basalt altar of Yredelemnul.
  1348 | D:2      | Noticed Jessica
  1352 | D:2      | Killed Jessica
  1353 | D:2      | Reached XP level 4. HP: 27/30 MP: 2/8
  1659 | D:2      | Found a runed translucent door.
  1660 | D:2      | Noticed Crazy Yiuf
  1830 | D:2      | Reached skill level 3 in Spellcasting
  1877 | D:2      | Reached skill level 5 in Conjurations
  1997 | D:2      | Learned a level 3 spell: Stone Arrow
  2203 | D:2      | Killed Crazy Yiuf
  2376 | D:2      | Became a worshipper of Yredelemnul the Dark
  2402 | D:3      | Reached XP level 5. HP: 35/35 MP: 7/9
  2618 | D:3      | Found a faded altar of an unknown god.
  2822 | D:3      | Found a runed translucent door.
  2991 | D:3      | Noticed robertstho's ghost (weakling DrBe)
  3124 | D:3      | Killed robertstho's ghost
  3258 | D:3      | Reached XP level 6. HP: 41/41 MP: 9/11
  3577 | D:3      | Reached skill level 4 in Spellcasting
  3816 | D:4      | Reached skill level 1 in Earth Magic
  4044 | D:4      | Noticed Robin
  4050 | D:4      | Reached * piety under Yredelemnul
  4059 | D:4      | Killed Robin
  4222 | D:4      | Noticed Sigmund
  4243 | D:4      | Killed Sigmund
  4244 | D:4      | Reached XP level 7. HP: 22/46 MP: 8/13
  4248 | D:4      | Learned a level 3 spell: Dazzling Flash
  4463 | D:4      | Noticed Duvessa
  4464 | D:4      | Noticed Dowan
  4469 | D:4      | Killed Duvessa
  4491 | D:4      | Killed Dowan
  4616 | D:4      | Learned a level 4 spell: Fulminant Prism
  4727 | D:4      | Noticed Grinder
  4729 | D:4      | Paralysed by Grinder for 6 turns
  4740 | D:4      | Paralysed by Grinder for 5 turns
  4759 | D:4      | Killed Grinder
  4760 | D:4      | Reached skill level 5 in Spellcasting
  4760 | D:4      | Reached skill level 1 in Hexes
  4760 | D:4      | Reached skill level 1 in Ice Magic
  4760 | D:4      | Reached XP level 8. HP: 44/52 MP: 1/15
  5196 | D:4      | Found a staircase to the Ecumenical Temple.
  5492 | D:5      | Entered Level 5 of the Dungeon
  5492 | D:5      | Noticed Pikel
  5501 | D:5      | Killed Pikel
  5502 | D:5      | Reached skill level 6 in Spellcasting
  5502 | D:5      | Reached XP level 9. HP: 57/57 MP: 3/18
  5698 | D:5      | Found Zin's Purification Station.
  5710 | D:5      | Learned a level 5 spell: Summon Mana Viper
  5710 | D:5      | Found a glowing silver altar of Zin.
  6129 | D:5      | Reached ** piety under Yredelemnul
  6222 | D:5      | Reached skill level 5 in Hexes
  6227 | D:5      | Reached skill level 7 in Spellcasting
  6227 | D:5      | Reached skill level 5 in Ice Magic
  6378 | D:5      | Found a blossoming altar of Fedhas.
  6875 | D:5      | Reached skill level 1 in Summonings
  6951 | D:5      | Learned a level 4 spell: Iskenderun's Mystic Blast
  7581 | D:6      | Noticed Edmund
  7659 | D:5      | Reached XP level 10. HP: 25/62 MP: 13/21
  7848 | D:6      | Killed Edmund
  8396 | D:6      | Reached skill level 8 in Spellcasting
  8773 | D:6      | Found a faded altar of an unknown god.
  8773 | D:6      | Found a stormy altar of Qazlal.
  8781 | D:6      | Found a sparkling altar of Nemelex Xobeh.
  8788 | D:6      | Found a basalt altar of Yredelemnul.
  8790 | D:6      | Found an iron altar of Okawaru.
  8876 | D:6      | Found an ornate altar of the Wu Jian Council.
  9185 | D:6      | Noticed a boulder beetle
  9207 | D:6      | Slain by a boulder beetle

Illustrated notes

Levels and vault maps discovered:
D:1:      minmay_arrival_split_and_join, layout_basic
D:2:      layout_loops_cross, basic_altar, minmay_split_cup_large, uniq_jessica,
          uniq_crazy_yiuf_cottage
D:3:      layout_loops_ring, ebering_ghost_reflecting_pool,
          basic_ecumenical_altar
D:4:      layout_cave_pods, minmay_temple_entry_tees, uniq_duvessa, uniq_robin,
          uniq_grinder, uniq_sigmund
D:5:      layout_loops_corners, zin_purify, lemuel_round_altar, uniq_pikel
D:6:      layout_basic, mainiacjoe_overflow_cross_hatched,
          chequers_temple_overflow_minitemple, uniq_edmund

Skill      XL: |  1  2  3  4  5  6  7  8  9 10 |
---------------+-------------------------------+-----
Spellcasting   | 3 4 5 6 7 8 |  8.1
Conjurations   | 5 6 |  6.5
Earth Magic    | 2 3 |  3.0
Hexes          | 1 3 5 |  5.2
Ice Magic      | 1 3 5 |  5.1
Summonings     | 2 4 |  4.1
Dodging        | |  2.0
Stealth        | |  2.0

Action                   |  1- 3 |  4- 6 |  7- 9 | 10-12 || total
-------------------------+-------+-------+-------+-------++-------
Melee: Unarmed           |     6 |       |       |       ||     6
       Club              |     1 |     6 |       |       ||     7
       Quarterstaff      |       |    12 |     9 |    12 ||    33
 Cast: Magic Dart        |    46 |    64 |    31 |    14 ||   155
       Stone Arrow       |       |    18 |    43 |     8 ||    69
       Searing Ray       |       |     8 |     8 |     2 ||    18
       Fulminant Prism   |       |       |    10 |     2 ||    12
       Iskenderun's Myst |       |       |     1 |     2 ||     3
       Summon Mana Viper |       |       |       |     5 ||     5
       Dazzling Flash    |       |       |       |     1 ||     1
  Use: Scroll            |       |       |     4 |       ||     4
 Stab: Sleeping          |       |     1 |       |       ||     1
Armor: Robe              |       |    21 |    12 |    12 ||    45
Dodge: Dodged            |     1 |    19 |    21 |    11 ||    52

Table legend: (Time is in decaauts)
 A = Elapsed time spent in this place.
 B = Non-inter-level travel time spent in this place.
 C = Inter-level travel time spent in this place.
 D = Time resting spent in this place.
 E = Time spent auto-exploring this place.
 F = Levels seen in this place.
 G = Mean time per level.
                   A        B        C        D        E       F      G
               +--------+--------+--------+--------+--------+-----+--------+
         Total |   9223 |   8885 |    338 |   3087 |   4400 |   6 | 1537.2 |
       Dungeon |   9223 |   8885 |    338 |   3087 |   4400 |   6 | 1537.2 |
               +--------+--------+--------+--------+--------+-----+--------+

Top non-repeatable levels by time:
     D:5: 2294 daAuts
     D:4: 1779 daAuts
     D:6: 1427 daAuts
     D:3: 1325 daAuts
     D:1: 1203 daAuts
     D:2: 1191 daAuts
